 Dungeon Crawl Stone Soup version 0.29-a0-1006-g0dd7720b37 (webtiles) character file.

Game seed: 4107460915940664525

3841 Sobieck the Slicer (level 10, 0/41 (47) HPs)
             Began as a Vine Stalker Fighter on Aug 6, 2022.
             Was an Elder of Uskayaw.
             Slain by a wight
             ... wielding a +0 spear
              (2 damage)
             ... on level 9 of the Dungeon.
             The game lasted 00:21:04 (7909 turns).

Sobieck the Slicer (Vine Stalker Fighter)           Turns: 7909, Time: 00:21:05

HP:   0/41 (47)     AC:  9    Str: 22    XL:     10   Next: 18%
MP:   0/25          EV:  5    Int:  8    God:    Uskayaw [****..]
Gold: 375           SH:  6    Dex: 22    Spells: 9/9 levels left

rFire   . . .      SeeInvis .   a - +2 rapier {short}
rCold   . . .      Faith    .   c - +0 buckler
rNeg    . . .      Spirit   +   z - +0 plate armour
rPois   .          Reflect  .   k - +0 helmet
rElec   .          Harm     .   (no cloak)
rCorr   .          Rampage  .   K - +0 pair of gloves
Will    ++...                   (no boots)
Stlth   ..........              n - amulet of regeneration {@e2}
HPRegen 1.73/turn               o - ring "Xeneoreohe" {*Corrode Will+ MP+9 Dex+7 Stlth-}
MPRegen 0.19/turn               (no ring)

@: mighty, corroded, heavily drained
A: fangs 3, regeneration 1, magic shield, antimagic bite, no potion heal 2
a: Renounce Religion, Stomp, Line Pass


You were on level 9 of the Dungeon.
You worshipped Uskayaw.
Uskayaw was noncommittal.
You visited 1 branch of the dungeon, and saw 9 of its levels.
You also visited: Sewer.

You collected 375 gold pieces.


Innate Abilities, Weirdness & Mutations

You have razor-sharp teeth.
Your natural rate of healing is unusually fast.
When hurt, damage is shared between your health and your magic reserves.
Your bite disrupts and absorbs the magic of your enemies.
Potions cannot restore your health.


   Skills:
 - Level 2.6 Fighting
 * Level 11.6 Short Blades
 - Level 2.4 Armour
 - Level 2.6 Shields
 - Level 7.0 Invocations


You had 9 spell levels left.
You didn't know any spells.
Your spell library contained the following spells:

 Spells                   Type           Power      Damage    Failure   Level
 Sandblast                Erth           0%         2d4       100%        1
 Sting                    Tmut/Pois      0%         1d3       100%        1
 Passwall                 Tmut/Erth      0%         N/A       100%        2
 Poisonous Vapours        Pois/Air       0%         N/A       100%        2
 Gell's Gravitas          Tloc           0%         N/A       100%        3
 Lesser Beckoning         Tloc           0%         N/A       100%        3
 Stone Arrow              Conj/Erth      0%         3d7       100%        3
 Teleport Other           Tloc           0%         N/A       100%        3
 Animate Armour           Summ/Erth      0%         N/A       100%        4
 Olgreb's Toxic Radiance  Pois           0%         N/A       100%        4
 Dispersal                Tloc           0%         N/A       100%        6
 Lehudib's Crystal Spear  Conj/Erth      0%         10d2      100%        8

Inventory:

Hand Weapons
 a - a +2 rapier (weapon) {short}
 r - a +0 dagger of distortion {!wshort}
   (You took it off an orc priest on level 7 of the Dungeon)
 y - a +5 short sword {short}
   (You took it off a wight on level 6 of the Dungeon)
 J - a +3 halberd {polearm}
   (You took it off a wight on level 8 of the Dungeon)
 T - a +4 great sword {long}
   (You took it off a wight on level 7 of the Dungeon)
 X - a +3 war axe {axe}
   (You took it off a wight on level 6 of the Dungeon)
Missiles
 f - 81 stones (quivered) {throwing}
 w - 10 poisoned darts {throwing}
 N - 6 boomerangs {throwing}
Armour
 c - a +0 buckler (worn)
 k - a +0 helmet (worn)
   (You found it on level 4 of the Dungeon)
 q - a +0 kite shield
   (You found it on level 2 of the Dungeon)
 z - a +0 plate armour (worn)
   (You took it off an orc warrior on level 8 of the Dungeon)
 A - a +0 ring mail
   (You took it off a hobgoblin on level 2 of the Dungeon)
 C - a +0 leather armour
   (You found it on level 2 of the Dungeon)
 D - a +0 leather armour
   (You took it off an orc on level 4 of the Dungeon)
 K - a +0 pair of gloves (worn)
   (You found it on level 6 of the Dungeon)
 L - a +0 leather armour
   (You found it on level 5 of the Dungeon)
 M - a +0 robe
   (You took it off an orc wizard on level 5 of the Dungeon)
 P - a +0 chain mail
   (You took it off an orc on level 6 of the Dungeon)
 Q - a +0 leather armour
   (You took it off an orc on level 6 of the Dungeon)
 R - a +0 chain mail
   (You found it in a sewer)
 S - a +0 scale mail
   (You took it off an orc on level 7 of the Dungeon)
 V - a +0 robe
   (You found it on level 6 of the Dungeon)
 W - a +0 robe
   (You took it off a wight on level 6 of the Dungeon)
 Y - a +0 robe
   (You took it off a wight on level 6 of the Dungeon)
 Z - a +0 robe
   (You took it off a wight on level 6 of the Dungeon)
Magical Staves
 x - a staff of poison {!astaff}
   (You found it in a sewer)
 O - a staff of air {!astaff}
   (You found it on level 5 of the Dungeon)
Jewellery
 n - an amulet of regeneration (around neck) {@e2}
   (You found it on level 7 of the Dungeon)
 o - the ring "Xeneoreohe" (left hand) {*Corrode Will+ MP+9 Dex+7 Stlth-}
   (You found it on level 2 of the Dungeon)

   [ring of magical power]

   Dex:       It affects your dexterity (+7).
   MP:        It affects your magic capacity (+9).
   *Corrode:  It may corrode you when you take damage.
   Will:      It increases your willpower.
   Stlth:     It makes you less stealthy.
Wands
 E - a wand of iceblast (5)
   (You took it off an orc wizard on level 8 of the Dungeon)
 F - a wand of paralysis (13)
   (You found it on level 8 of the Dungeon)
Scrolls
 b - a scroll of enchant armour {unknown}
 h - 3 scrolls of noise {!r}
 m - 2 scrolls of immolation {!r!r}
 s - 4 scrolls of teleportation {@r4}
 t - 2 scrolls of fear
 H - 2 scrolls of blinking {!r}
Potions
 d - 2 potions of might
 e - 5 potions of degeneration {!q@e2}
 g - 3 potions of cancellation
 i - 3 potions of lignification {!q}
 j - 4 potions of curing {@q1}
 l - 2 potions of attraction {!q}
 p - 2 potions of brilliance
 u - a potion of resistance
 v - a potion of berserk rage {unknown}
 B - 3 potions of flight {unknown}
 G - 2 potions of mutation {!q}
 I - a potion of haste {unknown}
 U - a potion of heal wounds {unknown}

Dungeon Overview and Level Annotations

Branches:
Dungeon (9/15) Zot: 26981  Temple (0/1) D:6           Sewer (visited)
   Lair: D:8-11         Orc: D:9-12

Altars:
Ashenzari
Cheibriados
Dithmenos
Gozag
Hepliaklqana
Makhleb
Nemelex Xobeh
Qazlal
Ru
Uskayaw
The Shining One

Shops:
D:4 (

Annotations:
D:8 3 runed translucent doors, gdog's ghost, novice GnDe

.. ##.##
..... #z..#
# #.#.# .#
#.#.# ..#
#z#)## ...#
#.#@)##....#
#.zz........
####<.#####
#......#
#...##.#
.....#
#...<#
#.#..#
#.#..#


You could see 2 wights.


Message History

You start resting.
You can no longer pass through a line of other dancers.
You start resting.
Unknown command.
Found a stone staircase leading down.
Unknown command.
Gdog's ghost turns its malevolent gaze towards you.
The 11-headed hydra roars!
Unknown command.
Could not explore, unopened runed door.
Could not explore, unopened runed door.
Press: ? - help, v - describe, . - travel, g - get item Item here: a dazzling broad axe.
The floor.
Unknown command.
Gdog's ghost whispers, "Meet the emptiness of death!"
There is a stone staircase leading down here.
Unknown command.
Unknown command.
You climb downwards.
You hear the roar of battle.
There is an entrance to a bailey on this level.
Hurry and find it before the portal closes forever!
Found an escape hatch in the ceiling.
There is a stone staircase leading up here.
Danger!
Unknown command.
A wight comes into view. It is wielding a +4 scimitar.
A wight comes into view. It is wielding a +0 spear.
You hit the wight. Your bite misses the wight.
You hit the wight but do no damage. You bite the wight, but do no damage.
The wight hits you with a +5 scimitar!
You completely miss the wight. You block the wight's attack.
You hit the wight. You puncture the wight!
You destroy the wight!
You can now pass through a line of other dancers.
You hit the wight. You hit the wight. You bite the wight. You drain its power.
You feel invigorated. The wight hits you with a +4 scimitar!
The wight hits you with a +0 scimitar!
Your corrosive artefact corrodes you!
Uskayaw will force your foes to helplessly watch your dance.
Uskayaw prepares the audience for your solo!
A wight comes into view. It is wielding a +2 battleaxe.
The wight closely misses you.
The wight is no longer paralysed. x2; The wight hits you with a +0 scimitar!
The wight hits you with a +4 scimitar.
You feel drained.
You hit the wight but do no damage. You bite the wight, but do no damage.
You hit the wight but do no damage. You bite the wight. You drain its power.
You feel invigorated. The wight barely misses you.
The wight hits you with a +4 scimitar!
You hit the wight. Your bite misses the wight.
The wight hits you with a +0 spear.
You feel drained. The wight hits you with a +0 scimitar!
* * * LOW HITPOINT WARNING * * *
The wight hits you but does no damage.
You hit the wight but do no damage. Your bite misses the wight.
You closely miss the wight. You bite the wight, but do no damage.
You block the wight's attack. The wight hits you with a +0 scimitar.
* * * LOW HITPOINT WARNING * * *
You feel drained.
* * * LOW HITPOINT WARNING * * *
The wight barely misses you.
You completely miss the wight. You bite the wight. You drain its power.
You feel invigorated. The wight hits you with a +0 scimitar!
* * * LOW HITPOINT WARNING * * *
You feel drained.
* * * LOW HITPOINT WARNING * * *
The wight completely misses you.
Uskayaw will force your foes to share their pain.
Uskayaw links your audience in an emotional bond!
Unknown command.
You barely miss the wight. Your bite misses the wight.
Unknown command.
You completely miss the wight. The wight barely misses you.
You block the wight's attack. The wight hits you with a +2 battleaxe!
* * * LOW HITPOINT WARNING * * *
You feel drained.
* * * LOW HITPOINT WARNING * * *
The wight barely misses you.
You puncture the wight!
You destroy the wight!
You bite the wight.
You destroy the wight!
The wight hits you with a +0 spear.
* * * LOW HITPOINT WARNING * * *
The wight completely misses you.
Unknown command.
You barely miss the wight. Your bite misses the wight.
Unknown command.
You feel very mighty all of a sudden.
The wight is no longer sharing its pain.
The wight hits you but does no damage. The wight hits you with a +2 battleaxe!
* * * LOW HITPOINT WARNING * * *
You puncture the wight! Your bite misses the wight.
The wight is no longer sharing its pain.
The wight hits you with a +0 spear.
You die...

Skill      XL: |  1  2  3  4  5  6  7  8  9 10 |
---------------+-------------------------------+-----
Short Blades   | 2 3 4 5 6 7 8 10 11 | 11.6
Invocations    | 1 2 3 4 5 7 |  7.0
Fighting       | |  2.6
Armour         | |  2.4
Shields        | |  2.6

Action                   |  1- 3 |  4- 6 |  7- 9 | 10-12 || total
-------------------------+-------+-------+-------+-------++-------
Melee: Rapier            |   119 |    60 |   420 |    41 ||   640
       Bite              |    31 |    18 |   138 |    12 ||   199
Throw: Stone             |       |     1 |     5 |       ||     6
       Dart              |       |       |     3 |       ||     3
Invok: Stomp             |       |     2 |     1 |       ||     3
       Line Pass         |       |       |     1 |       ||     1
  Use: Potion            |       |     3 |       |     1 ||     4
       Scroll            |       |       |    22 |       ||    22
 Stab: Paralysed         |       |     1 |    15 |     2 ||    18
Armor: Scale mail        |    60 |    24 |   120 |       ||   204
       Plate armour      |       |       |    15 |    28 ||    43
Dodge: Dodged            |    54 |    26 |   129 |    10 ||   219
Block: Buckler           |    25 |    10 |   100 |     8 ||   143

Levels and vault maps discovered:
D:1:      lemuel_arrival_river_bridge, layout_basic, lemuel_old_faithful
D:2:      layout_loops_ring, basic_altar, minmay_octomino_j4, uniq_sigmund
D:3:      layout_loops_corners, mainiacjoe_overflow_alcove_1,
          grunt_gozag_statues, shapermc_ecumenical_altar_notcrosses
D:4:      layout_rooms, mainiacjoe_overflow_chevrons,
          mainiacjoe_overflow_surrounded_room, minitemple, serial_park_tiny_1,
          nicolae_stop_n_shop_2, uniq_edmund
D:5:      layout_gridville
D:6:      layout_basic, nicolae_overflow_crystal_walls, temple_green,
          portal_sewer_entry_d
D:7:      layout_loops_corners
D:8:      layout_basic, riverfiend_overflow_shadow_ancestor,
          gammafunk_ghost_hydra_chop, uniq_joseph
D:9:      layout_basic, mainiacjoe_overflow_boulevard, enter_bailey_2,
          minmay_diamond_spiral

Notes
Turn   | Place    | Note
-------+----------+-------------------------------------------
     0 | D:1      | Sobieck the Vine Stalker Fighter began the quest for the
                  | Orb.
     0 | D:1      | Reached XP level 1. HP: 11/11 MP: 2/2
    31 | D:1      | Reached skill level 2 in Short Blades
    73 | D:1      | Reached XP level 2. HP: 16/16 MP: 3/3
   444 | D:1      | You pick up a book of Geomancy and begin reading...
   444 | D:1      | You add the spells Sandblast, Passwall and Stone Arrow to
                  | your library.
   448 | D:1      | You pick up a book of Displacement and begin reading...
   448 | D:1      | You add the spells Lesser Beckoning, Gell's Gravitas and
                  | Teleport Other to your library.
   838 | D:1      | Reached skill level 3 in Short Blades
   966 | D:2      | Reached XP level 3. HP: 11/19 MP: 2/4
  1185 | D:2      | Identified the ring "Xeneoreohe" {*Corrode Will+ MP+9 Dex+7
                  | Stlth-}
  1189 | D:2      | Found a snail-covered altar of Cheibriados.
  1189 | D:2      | Noticed Sigmund
  1730 | D:3      | Gained mutation: Your natural rate of healing is unusually
                  | fast. [Vine Stalker growth]
  1730 | D:3      | Reached XP level 4. HP: 21/23 MP: 5/5
  1802 | D:3      | Found a hide-covered altar of Uskayaw.
  1809 | D:3      | Became a worshipper of Uskayaw the Reveller
  1860 | D:3      | Found an opulent altar of Gozag.
  2031 | D:3      | Reached * piety under Uskayaw
  2105 | D:3      | Reached skill level 4 in Short Blades
  2229 | D:3      | Found a faded altar of an unknown god.
  2336 | D:4      | Found Keudwoem's Weapon Shoppe.
  2459 | D:4      | Noticed a scorpion
  2476 | D:4      | Reached ** piety under Uskayaw
  2478 | D:4      | Killed a scorpion
  2478 | D:4      | Reached *** piety under Uskayaw
  2479 | D:4      | Reached skill level 1 in Invocations
  2479 | D:4      | Reached XP level 5. HP: 27/27 MP: 4/7
  2557 | D:4      | Found a glowing golden altar of the Shining One.
  2595 | D:4      | Noticed Edmund
  2615 | D:4      | Killed Edmund
  2616 | D:4      | Reached skill level 5 in Short Blades
  2616 | D:4      | Reached skill level 2 in Invocations
  2616 | D:4      | Reached XP level 6. HP: 26/32 MP: 8/8
  2693 | D:2      | Killed Sigmund
  2694 | D:2      | Reached skill level 6 in Short Blades
  2694 | D:2      | Reached skill level 3 in Invocations
  2694 | D:2      | Reached XP level 7. HP: 25/35 MP: 5/10
  3004 | D:2      | You pick up a book of Armaments and begin reading...
  3004 | D:2      | You add the spells Animate Armour and Lehudib's Crystal
                  | Spear to your library.
  3614 | D:4      | Found a sacrificial altar of Ru.
  3667 | D:4      | Found a broken altar of Ashenzari.
  3692 | D:4      | Found a sparkling altar of Nemelex Xobeh.
  3697 | D:4      | Found a burning altar of Makhleb.
  3747 | D:5      | Entered Level 5 of the Dungeon
  3946 | D:5      | Reached skill level 4 in Invocations
  4082 | D:5      | Reached skill level 7 in Short Blades
  4082 | D:5      | Gained mutation: You have razor-sharp teeth. [Vine Stalker
                  | growth]
  4082 | D:5      | Reached XP level 8. HP: 39/39 MP: 12/12
  4625 | D:6      | Reached skill level 5 in Invocations
  4672 | D:6      | Found a staircase to the Ecumenical Temple.
  4677 | D:6      | You add the spells Sting, Poisonous Vapours and Olgreb's
                  | Toxic Radiance to your library.
  4703 | D:6      | Found a stormy altar of Qazlal.
  4777 | D:6      | Reached skill level 8 in Short Blades
  4964 | D:6      | Found a glowing drain.
  4983 | Sewer    | Entered a sewer
  5192 | Sewer    | Reached **** piety under Uskayaw
  5361 | D:6      | Reached XP level 9. HP: 22/43 MP: 14/14
  5624 | D:6      | Reached skill level 9 in Short Blades
  6084 | D:7      | Reached skill level 6 in Invocations
  6818 | D:8      | Noticed Joseph
  6989 | D:7      | Killed Joseph
  6990 | D:7      | Reached skill level 10 in Short Blades
  6990 | D:7      | Reached skill level 7 in Invocations
  7004 | D:8      | Reached ***** piety under Uskayaw
  7021 | D:8      | Reached ****** piety under Uskayaw
  7308 | D:7      | Reached XP level 10. HP: 39/47 MP: 16/16
  7314 | D:7      | Reached skill level 11 in Short Blades
  7496 | D:8      | Found a hazy altar of Hepliaklqana.
  7497 | D:8      | Found a shadowy altar of Dithmenos.
  7593 | D:8      | Found a runed translucent gate.
  7593 | D:8      | Found a runed translucent gate.
  7593 | D:8      | Found a runed translucent gate.
  7862 | D:8      | Noticed gdog's ghost (novice GnDe)
  7863 | D:8      | Noticed an 11-headed hydra
  7905 | D:9      | HP: 10/40 [wight/+2 battleaxe (4)]
  7908 | D:9      | HP: 1/41 [wight/+2 battleaxe (9)]
  7909 | D:9      | Slain by a wight

Vanquished Creatures
  Joseph (D:7)
  Sigmund (D:2)
  A steam dragon (D:8)
  Edmund (D:4)
  A water moccasin (D:5)
  3 orc warriors
  A sky beast (D:7)
  2 ice beasts
  A black bear (D:8)
  An ogre (D:6)
  2 centaurs
  A necrophage (D:5)
  4 bullfrogs
  A gnoll sergeant (D:8)
  2 scorpions
  12 wights
  3 howler monkeys
  4 jellies
  A gnoll bouda (D:7)
  7 orc priests
  A hound (D:4)
  An iguana (D:4)
  7 orc wizards
  8 adders
  8 gnolls
  A white imp (D:5)
  An ufetubus (D:6)
  2 worms (D:2)
  3 dart slugs
  40 orcs
  6 bats
  5 endoplasms
  5 giant cockroaches
  3 goblins
  2 hobgoblins
  5 jackals
  8 kobolds
  10 quokkas
  5 ball pythons
  9 frilled lizards
  3 rats (D:1)
183 creatures vanquished.

Vanquished Creatures (others)
  21 fungi (D:4)
21 creatures vanquished.

Grand Total: 204 creatures vanquished

Table legend:
 A = Non-vault XP
 B = Vault XP
 C = Vault XP percentage of total XP
 D = Non-vault monster count
 E = Vault monster count
 F = Vault count percentage of total count
                 A         B        C        D         E       F
            +---------+---------+-------+---------+---------+-------
      Total |    4363 |    1125 |  20.5 |     151 |      32 |  17.5
            +---------+---------+-------+---------+---------+-------
        D:1 |      33 |       0 |   0.0 |      18 |       0 |   0.0
        D:2 |      25 |     245 |  90.7 |      10 |       4 |  28.6
        D:3 |      49 |       0 |   0.0 |      14 |       0 |   0.0
        D:4 |     244 |     153 |  38.5 |      17 |       1 |   5.6
        D:5 |     581 |       0 |   0.0 |      12 |       0 |   0.0
        D:6 |     892 |      14 |   1.5 |      24 |       1 |   4.0
        D:7 |    1204 |     445 |  27.0 |      32 |       1 |   3.0
        D:8 |    1121 |       0 |   0.0 |      21 |       0 |   0.0
        D:9 |     214 |       0 |   0.0 |       3 |       0 |   0.0
      Sewer |       0 |     268 | 100.0 |       0 |      25 | 100.0
            +---------+---------+-------+---------+---------+-------

Illustrated notes

Table legend:
 A = Kills in this place as a percentage of kills in entire the game.
 B = Kills by you in this place as a percentage of kills by you in the entire game.
 C = Kills by friends in this place as a percentage of kills by friends in the entire game.
 D = Other kills in this place as a percentage of other kills in the entire game.
 E = Experience gained in this place as a percentage of experience gained in the entire game.
 F = Experience gained in this place divided by the number of levels of this place that you have seen.
                   A       B       C       D       E      F
               +-------+-------+-------+-------+-------+----------------------
         Total | 100.0 | 100.0 |   N/A |   N/A | 100.0 | 548.8
       Dungeon |  86.3 |  86.3 |   N/A |   N/A |  95.1 | 580.0
         Sewer |  13.7 |  13.7 |   N/A |   N/A |   4.9 | 268.0
               +-------+-------+-------+-------+-------+----------------------

Table legend: (Time is in decaauts)
 A = Elapsed time spent in this place.
 B = Non-inter-level travel time spent in this place.
 C = Inter-level travel time spent in this place.
 D = Time resting spent in this place.
 E = Time spent auto-exploring this place.
 F = Levels seen in this place.
 G = Mean time per level.
                   A        B        C        D        E       F      G
               +--------+--------+--------+--------+--------+-----+--------+
         Total |   7911 |   7507 |    404 |    610 |   5142 |  10 |  791.1 |
       Dungeon |   7589 |   7185 |    404 |    610 |   5142 |   9 |  843.2 |
         Sewer |    321 |    321 |      0 |      0 |      0 |   1 |  321.0 |
               +--------+--------+--------+--------+--------+-----+--------+

Top non-repeatable levels by time:
     D:7: 1175 daAuts
     D:6: 1080 daAuts
     D:1: 1050 daAuts
     D:2: 1022 daAuts
     D:3: 1002 daAuts
     D:8: 852 daAuts
     D:5: 701 daAuts
     D:4: 687 daAuts
   Sewer: 321 daAuts
     D:9: 17 daAuts
